 Dungeon Crawl Stone Soup version 0.23-a0-814-g91b4073 (webtiles) character file.

210 Lanoc the Skirmisher (level 5, 0/42 HPs)
             Began as a Demonspawn Fighter on Jan 21, 2019.
             Killed from afar by an orc wizard (6 damage)
             ... with a magic dart
             ... on level 3 of the Dungeon.
             The game lasted 00:03:40 (2041 turns).

Lanoc the Skirmisher (Demonspawn Fighter)           Turns: 2041, Time: 00:03:42

Health: 0/42       AC: 11    Str: 17    XL:     5   Next: 56%
Magic:  0/5        EV:  6    Int: 13    God:
Gold:   162        SH:  4    Dex: 13    Spells: 4/4 levels left

rFire    + . .     SeeInvis .   a - +0 long sword
rCold    + . .     Gourm    .   (no shield)
rNeg     . . .     Faith    .   g - +0 plate armour
rPois    +         Spirit   +   (helmet restricted)
rElec    +         Reflect  .   (no cloak)
rCorr    +         Harm     .   (no gloves)
MR       .....                  (no boots)
Stlth    ..........             (no amulet)
HPRegen  0.14/turn              o - +4 ring of intelligence
MPRegen  0.09/turn              (no ring)

@: resistant
A: antennae 1, large bone plates 1, magic shield
a: no special abilities


You were on level 3 of the Dungeon.
You were not hungry.

You visited 1 branch of the dungeon, and saw 3 of its levels.

You collected 162 gold pieces.

Inventory:

Hand Weapons
 a - a +0 long sword (weapon)
Armour
 g - a +0 plate armour (worn)
Jewellery
 o - a +4 ring of intelligence (left hand)
Scrolls
 c - a scroll of fog {unknown}
 e - 2 scrolls of teleportation {unknown}
 h - a scroll of enchant weapon {unknown}
 i - 2 scrolls of remove curse {unknown}
 j - a scroll of fear {unknown}
 k - 3 scrolls of immolation {unknown}
 l - a scroll of identify {unknown}
 r - a scroll of blinking {unknown}
 s - a scroll of random uselessness {unknown}
Potions
 d - a potion of might
 m - a potion of curing {unknown}
 p - a potion of brilliance {unknown}
Comestibles
 f - 6 rations


   Skills:
 + Level 3.8 Fighting
 * Level 3.6 Long Blades
 + Level 3.5 Armour
 + Level 2.0 Dodging
   Level 2.6 Shields


You had 4 spell levels left.
You didn't know any spells.
Your spell library was empty.

Dungeon Overview and Level Annotations

Branches:
Dungeon (3/15)

Altars:


Innate Abilities, Weirdness & Mutations

You have a pair of small antennae on your head.
You are partially covered in large bone plates. (SH +4)
When hurt, damage is shared between your health and your magic reserves.


Message History

The orc wizard blinks!
The orc priest calls down the wrath of Beogh upon you.
Beogh smites you!
* * * LOW HITPOINT WARNING * * *
You feel much better. You block the orc priest's attack.
Your plate armour prevents you from hitting the orc priest.
The orc priest is almost dead.
The orc priest mumbles some strange prayers to Beogh against you.
Beogh smites you!
* * * LOW HITPOINT WARNING * * *
You hit the orc priest.
You kill the orc priest!
Your Dodging skill increases to level 2!
You closely miss the orc.
The orc wizard gestures at you while chanting.
The magic dart hits you.
* * * LOW HITPOINT WARNING * * *
The orc wizard casts a spell at you. The magic dart hits you.
You die...

## ###+#.##.##.#.##.#.#.#
# #.....##.#.......#.#.#
# #................#.#.#
####.....##.........#....
...............<.##.###.#
######...##..#[#.##.###.#
..........gg....o.......
...............#o##.####
#.##........g..#@# .#
#.##.#..####.#.#(#
#.##.#..# #.#.#o#
#.##.#..# #.#.#..
#.......# #+#.####
####.##.# ..# #...g. #..
.. g..


You could see an orc wizard and 2 orcs.

Vanquished Creatures
  An orc priest (D:3)
  An orc wizard (D:3)
  A worker ant (D:2)
  Robin (D:3)
  2 adders (D:2)
  A worm (D:2)
  2 dart slugs (D:1)
  2 leopard geckos
  9 orcs (D:3)
  2 ball pythons
  8 giant cockroaches
  18 goblins
  7 hobgoblins
  8 jackals
  3 bats
  3 frilled lizards
  9 kobolds
  6 rats
84 creatures vanquished.

Notes
Turn   | Place    | Note
-------+----------+-------------------------------------------
     0 | D:1      | Lanoc the Demonspawn Fighter began the quest for the Orb.
     0 | D:1      | Reached XP level 1. HP: 18/18 MP: 1/1
   128 | D:1      | Gained mutation: You are partially covered in large bone
                  | plates. (SH +4) [demonic ancestry]
   128 | D:1      | Reached XP level 2. HP: 14/24 MP: 2/2
   690 | D:1      | Reached XP level 3. HP: 29/29 MP: 3/3
   969 | D:2      | Reached skill level 1 in Dodging
  1132 | D:2      | Gained mutation: You have a pair of small antennae on your
                  | head. [demonic ancestry]
  1132 | D:2      | Reached XP level 4. HP: 23/35 MP: 4/4
  1737 | D:3      | Gained mutation: When hurt, damage is shared between your
                  | health and your magic reserves. [demonic ancestry]
  1737 | D:3      | Reached XP level 5. HP: 24/42 MP: 5/5
  1960 | D:3      | Noticed Robin
  1993 | D:3      | Killed Robin
  2037 | D:3      | HP: 2/42 [orc priest/divine providence (13)]
  2041 | D:3      | Killed from afar by an orc wizard

Vault maps used:
D:1:      minmay_arrival_widening_spiral_wide, minmay_misc_feat_alley
D:2:      first_ration
D:3:      kennysheep_generic_room_10, uniq_robin, uniq_terence

Skill      XL: |  1  2  3  4  5 |
---------------+----------------+-----
Long Blades    | 2 3 |  3.6
Armour         | 3 |  3.5
Dodging        | 1 2 |  2.0
Fighting       | |  3.8
Shields        | |  2.6

Action                   |  1- 3 |  4- 6 || total
-------------------------+-------+-------++-------
Melee: Long sword        |   117 |   164 ||   281
  Use: Potion            |       |     4 ||     4
  Eat: Chunk             |       |     4 ||     4
Armor: Scale mail        |    22 |       ||    22
       Plate armour      |    72 |   119 ||   191
Dodge: Dodged            |    42 |    39 ||    81
Block: Other             |    29 |    16 ||    45
       Rpst.: Long sword |    11 |    15 ||    26

Table legend:
 A = Non-vault XP
 B = Vault XP
 C = Vault XP percentage of total XP
 D = Non-vault monster count
 E = Vault monster count
 F = Vault count percentage of total count
                 A         B        C        D         E       F
            +---------+---------+-------+---------+---------+-------
      Total |     266 |      34 |  11.3 |      72 |      12 |  14.3
            +---------+---------+-------+---------+---------+-------
        D:1 |      49 |       0 |   0.0 |      26 |       0 |   0.0
        D:2 |     100 |       0 |   0.0 |      26 |       0 |   0.0
        D:3 |     117 |      34 |  22.5 |      20 |      12 |  37.5
            +---------+---------+-------+---------+---------+-------
